 Dungeon Crawl Stone Soup version 0.24.0-37-gcf1ca852f1 (webtiles) character file.

Game seed: 3468716943035885921, levelgen mode: deterministic

252 FessEmpty the Vexing (level 5, 0/24 HPs)
             Began as a Spriggan Enchanter on Nov 22, 2019.
             Slain by a worker ant (7 damage)
             ... on level 4 of the Dungeon.
             The game lasted 00:07:37 (2464 turns).

FessEmpty the Vexing (Spriggan Enchanter)           Turns: 2464, Time: 00:07:38

Health: 0/24       AC:  3    Str:  4    XL:     5   Next: 89%
Magic:  2/13       EV: 18    Int: 22    God:
Gold:   276        SH:  0    Dex: 17    Spells: 5/14 levels left

rFire    . . .     SeeInvis +   i - +2 dagger (speed)
rCold    . . .     Gourm    .   (shield restricted)
rNeg     . . .     Faith    .   b - +0 robe
rPois    .         Spirit   .   (helmet restricted)
rElec    .         Reflect  .   q - +0 cloak
rCorr    .         Harm     .   (gloves unavailable)
MR       .....                  (boots unavailable)
Stlth    ++........             (no amulet)
HPRegen  0.08/turn              l - ring of attention (curse)
MPRegen  0.13/turn              (no ring)

@: brilliant, lethally poisoned (0 -> -12), very quick
A: very small, unfitting armour, see invisible, herbivore, speed 3, slow
metabolism 2
a: no special abilities


You were on level 4 of the Dungeon.
You were not hungry.

You visited 1 branch of the dungeon, and saw 4 of its levels.

You collected 276 gold pieces.

Inventory:

Hand Weapons
 i - a +2 dagger of speed (weapon)
Missiles
 e - 6 boomerangs (quivered)
 h - a throwing net
 s - 63 poisoned darts
Armour
 b - a +0 robe (worn)
 q - a +0 cloak (worn)
Jewellery
 l - a cursed ring of attention (left hand)
Scrolls
 c - a scroll of immolation
 f - a scroll of identify
 g - a scroll of magic mapping {unknown}
 m - a scroll of enchant armour {unknown}
 n - 4 scrolls of teleportation
 o - a scroll of enchant weapon {unknown}
 r - 2 scrolls of amnesia {unknown}
Potions
 j - a potion of degeneration {unknown}
 k - a potion of curing {unknown}
 p - a potion of cancellation
 t - a potion of mutation {unknown}
 u - a potion of haste {unknown}
Comestibles
 d - 4 rations


   Skills:
 - Level 1.1 Short Blades
 - Level 3.0 Dodging
 - Level 4.4 Stealth
 + Level 5.0 Spellcasting
 + Level 5.7 Hexes
 - Level 2.1 Ice Magic


You had 5 spell levels left.
You knew the following spells:

 Your Spells              Type           Power        Failure   Level  Hunger
a - Corona                Hex            #####..      1%          1    None
b - Ensorcelled Hibernat  Hex/Ice        #####.       1%          2    None
c - Tukima's Dance        Hex            #####...     1%          3    ##.....
d - Confuse               Hex            #####...     1%          3    ##.....

Your spell library contained the following spells:

 Spells                   Type           Power        Failure   Level  Hunger
 Dazzling Spray           Conj/Hex       ####..       1%          3    ##.....


Dungeon Overview and Level Annotations

Branches:
Dungeon (4/15)
 Temple: D:4-7

Altars:

Annotations:
D:4 2 transporters, Yogurt's ghost, amateur MiFi


Innate Abilities, Weirdness & Mutations

You are very small and have problems with some larger weapons.
You are too small for most types of armour.
You have supernaturally acute eyesight. (SInv)
You are a herbivore.
You cover ground extremely quickly.
You need to consume almost no food.


Message History

The adder zombie bites you.
You hit the adder zombie.
The adder zombie is severely damaged.
The adder zombie bites you.
You hit the adder zombie.
The adder zombie is almost destroyed.
You barely miss the adder zombie.
The adder zombie is almost destroyed.
The quokka stops glowing.
The adder zombie misses you.
You hit the adder zombie.
You destroy the adder zombie!
There is a stone staircase leading up here.
The howler monkey hoots and howls with incredible vigour!
You hear a shout!
You climb upwards.
There is a stone staircase leading down here.
Casting: Corona (safe; 1% risk of failure)
Confirm with . or Enter, or press ? or * to list all spells.
Aiming: Corona (safe; 1% risk of failure)
Press: ? - help, Shift-Dir - straight line, f - howler monkey
Aim: a howler monkey (moderately wounded, catching its breath, chance to defeat MR: 68%)
The howler monkey is outlined in light.
The howler monkey misses you.
You hit the howler monkey.
The howler monkey is heavily wounded.
The howler monkey hits you.
You hit the howler monkey.
The howler monkey is heavily wounded.
The howler monkey barely misses you.
You hit the howler monkey.
The howler monkey is severely wounded.
The howler monkey closely misses you.
You hit the howler monkey.
The howler monkey is almost dead.
You hit the howler monkey.
The howler monkey is almost dead.
The howler monkey hits you.
You are too injured to fight recklessly!
You are too injured to fight recklessly!
You hit the howler monkey.
You kill the howler monkey!
Training target 2.0 for Ice Magic reached!
Your Ice Magic skill increases to level 2!
You start resting.
Magic restored.
You start resting.
HP restored.
You climb downwards.
Level annotation: 2 transporters, Yogurt's ghost, amateur MiFi The quokka completely misses you.
The quokka misses you.
There is a stone staircase leading up here.
Casting: Corona (safe; 1% risk of failure)
Confirm with . or Enter, or press ? or * to list all spells.
Aiming: Corona (safe; 1% risk of failure)
Press: ? - help, Shift-Dir - straight line, f - quokka
Aim: a quokka (chance to defeat MR: 77%)
The quokka is outlined in light.
The quokka bites you but does no damage.
You hit the quokka.
The quokka is moderately wounded.
The quokka closely misses you.
You hit the quokka.
The quokka is severely wounded.
You completely miss the quokka.
The quokka is severely wounded.
The quokka misses you.
You hit the quokka.
The quokka is severely wounded.
The quokka closely misses you.
You hit the quokka but do no damage.
The quokka is severely wounded.
The quokka closely misses you.
You hit the quokka.
The quokka is almost dead.
You hit the quokka.
You kill the quokka!
Magic restored.
You now have 276 gold pieces (gained 11).
An orc priest comes into view. It is wielding a +0 falchion.
You see here 18 arrows.
An orc priest is nearby!
An orc priest is nearby!
No target in view!
No target in view!
An orc wizard comes into view. It is wielding a +0 dagger.
The orc wizard moves out of view.
Found a ring mail.
An orc comes into view.
It is wielding a +0 dagger of protection.
The orc wizard shouts!
Casting: Corona (safe; 1% risk of failure)
Confirm with . or Enter, or press ? or * to list all spells.
Aiming: Ensorcelled Hibernation (safe; 4% risk of failure)
Press: ? - help, Shift-Dir - straight line, f - orc priest
Aim: an orc priest, wielding a +0 falchion and wearing a +0 ring mail (chance to defeat MR: 47%)
The orc priest resists with some effort.
The orc priest completely misses you.
Casting: Ensorcelled Hibernation (safe; 4% risk of failure)
Confirm with . or Enter, or press ? or * to list all spells.
Aiming: Ensorcelled Hibernation (safe; 4% risk of failure)
Press: ? - help, Shift-Dir - straight line, f/p - orc priest
Aim: an orc priest, wielding a +0 falchion and wearing a +0 ring mail (chance to defeat MR: 47%)
The orc priest looks drowsy...
The helpless orc priest fails to defend itself.
You impale the orc priest!!
You kill the orc priest!
Casting: Ensorcelled Hibernation (safe; 4% risk of failure)
Confirm with . or Enter, or press ? or * to list all spells.
Aiming: Ensorcelled Hibernation (safe; 4% risk of failure)
Press: ? - help, Shift-Dir - straight line, f - orc wizard
Aim: an orc wizard, wielding a +0 dagger and wearing a +0 robe (chance to defeat MR: 48%)
The orc wizard resists with some effort.
Throwing (i - inventory. (/) - cycle)
e - 6 boomerangs (quivered)
Press: ? - help, Shift-Dir - straight line, f - orc, p - orc wizard
Aim: an orc, wielding a +0 dagger of protection
Okay, then.
Casting: Ensorcelled Hibernation (safe; 4% risk of failure)
Confirm with . or Enter, or press ? or * to list all spells.
Aiming: Ensorcelled Hibernation (safe; 4% risk of failure)
Press: ? - help, Shift-Dir - straight line, f - orc, p - orc wizard
Aim: an orc, wielding a +0 dagger of protection (chance to defeat MR: 65%)
The orc resists with significant effort.
Casting: Ensorcelled Hibernation (safe; 4% risk of failure)
Confirm with . or Enter, or press ? or * to list all spells.
Aiming: Ensorcelled Hibernation (safe; 4% risk of failure)
Press: ? - help, Shift-Dir - straight line, f - orc wizard, p - orc
Aim: an orc wizard, wielding a +0 dagger and wearing a +0 robe (chance to defeat MR: 48%)
The orc wizard looks drowsy...
The orc barely misses you.
The helpless orc wizard fails to defend itself.
You impale the orc wizard!!
You kill the orc wizard!
Your Spellcasting skill increases to level 5!
The orc hits you with a +0 dagger of protection.
Casting: Ensorcelled Hibernation (safe; 4% risk of failure)
Confirm with . or Enter, or press ? or * to list all spells.
Aiming: Ensorcelled Hibernation (safe; 4% risk of failure)
Press: ? - help, Shift-Dir - straight line, f - orc
Aim: an orc, wielding a +0 dagger of protection (chance to defeat MR: 65%)
The orc looks drowsy...
The helpless orc fails to defend itself.
You puncture the orc!
You kill the orc!
You start resting.
A worker ant comes into view.
A worker ant is nearby!
Casting: Ensorcelled Hibernation (safe; 4% risk of failure)
Confirm with . or Enter, or press ? or * to list all spells.
Aiming: Corona (safe; 1% risk of failure)
Press: ? - help, Shift-Dir - straight line, f - worker ant
Aim: a worker ant (chance to defeat MR: 71%)
The worker ant is outlined in light.
The worker ant barely misses you.
Throwing (i - inventory. (/) - cycle)
e - 6 boomerangs (quivered)
Press: ? - help, Shift-Dir - straight line, f/p - worker ant
Aim: a worker ant (softly glowing)
Okay, then.
You barely miss the worker ant.
You hit the worker ant but do no damage.
The worker ant completely misses you.
You hit the worker ant but do no damage.
The worker ant closely misses you.
You closely miss the worker ant. The worker ant misses you.
You hit the worker ant.
The worker ant is lightly wounded.
The worker ant bites you.
You are poisoned.
The worker ant poisons you!
You hit the worker ant.
The worker ant is moderately wounded.
You feel sick.
You hit the worker ant but do no damage.
The worker ant is moderately wounded.
The worker ant bites you.
You hit the worker ant.
The worker ant is heavily wounded.
The worker ant completely misses you.
You hit the worker ant but do no damage.
The worker ant is heavily wounded.
You hit the worker ant.
The worker ant is heavily wounded.
You feel sick. The worker ant barely misses you.
You hit the worker ant.
The worker ant is heavily wounded.
The worker ant waves its antennae.
The worker ant completely misses you.
You hit the worker ant.
The worker ant is severely wounded.
The worker ant misses you.
You hit the worker ant but do no damage.
The worker ant is severely wounded.
The worker ant stops glowing.
The worker ant bites you.
You hit the worker ant but do no damage.
The worker ant is severely wounded.
The worker ant bites you.
You are lethally poisoned!
The worker ant poisons you!
It was a potion of cancellation.
You feel magically purged.
You feel sick. The worker ant barely misses you.
It was a potion of brilliance.
You feel clever all of a sudden.
* * * LOW HITPOINT WARNING * * *
You feel sick. The worker ant bites you!
You die...

#.# #..# #. .. #.#
##.# #. ##. #.# #.#
#. ###... #.####.##
#. ..... #.......#
#. #...#
########..# #.
.[.##.## #..# ##
#a#...#####..# #
#)@.....(....######
#.#..!#####....<...
#.##.## ########.
#. #.# #. #. #.# #.
#. #.# .# #. #.#
#.# #. #.# ... #..#


You could see a worker ant.

Vanquished Creatures
  A howler monkey (D:3)
  2 orc priests
  An orc wizard (D:4)
  3 gnolls (D:3)
  3 adders (D:3)
  An adder zombie (D:4)
  3 worms
  2 dart slugs (D:1)
  2 leopard geckos
  4 orcs
  3 giant cockroaches (D:1)
  4 goblins
  7 hobgoblins
  2 quokkas
  A ball python (D:1)
  4 bats
  3 frilled lizards
  7 kobolds
  8 rats
61 creatures vanquished.

Notes
Turn   | Place    | Note
-------+----------+-------------------------------------------
     0 | D:1      | FessEmpty the Spriggan Enchanter began the quest for the
                  | Orb.
     0 | D:1      | Reached XP level 1. HP: 9/9 MP: 5/5
   285 | D:1      | Reached XP level 2. HP: 10/13 MP: 7/7
   291 | D:1      | Learned a level 2 spell: Ensorcelled Hibernation
  1164 | D:2      | Reached XP level 3. HP: 14/16 MP: 6/8
  1505 | D:3      | Reached skill level 1 in Ice Magic
  1662 | D:3      | Learned a level 3 spell: Tukima's Dance
  1666 | D:3      | Learned a level 3 spell: Confuse
  1689 | D:3      | Reached XP level 4. HP: 17/21 MP: 5/10
  1753 | D:3      | Reached skill level 5 in Hexes
  1954 | D:3      | Reached XP level 5. HP: 24/24 MP: 5/12
  1982 | D:3      | Found a faded altar of an unknown god.
  2190 | D:4      | Found a transporter.
  2192 | D:4      | Noticed Yogurt's ghost (amateur MiFi)
  2193 | D:4      | Found a transporter.
  2437 | D:4      | Reached skill level 5 in Spellcasting
  2464 | D:4      | Slain by a worker ant

Levels and vault maps discovered:
D:1:      beargit_arrival_greenhouse, layout_basic, minmay_misc_feat_tiny,
          minmay_tetromino_s4
D:2:      kb_forest_paths, layout_rooms
D:3:      layout_rooms, chequers_ecumenical_altar_simple_redux
D:4:      layout_loops_ring, grunt_temple_overflow_open, first_ration,
          gammafunk_ghost_smash, sigmund_army

Skill      XL: |  1  2  3  4  5 |
---------------+----------------+-----
Spellcasting   | 3 4 5 |  5.0
Hexes          | 4 5 |  5.7
Ice Magic      | 1 2 |  2.1
Short Blades   | |  1.1
Dodging        | |  3.0
Stealth        | |  4.4

Action                   |  1- 3 |  4- 6 || total
-------------------------+-------+-------++-------
Melee: Dagger            |   105 |    91 ||   196
Throw: Boomerang         |     9 |       ||     9
 Cast: Corona            |    21 |    10 ||    31
       Ensorcelled Hiber |     6 |    16 ||    22
  Use: Scroll            |     3 |       ||     3
       Potion            |       |     2 ||     2
 Stab: Sleeping          |    15 |    13 ||    28
Armor: Robe              |    13 |     6 ||    19
Dodge: Dodged            |    89 |    47 ||   136
